[Event "Rapid della Domenica"]
[Site "Chess.com"]
[Date "2020.05.03"]
[Round "1"]
[White "toninoiuorio"]
[Black "fausto2p"]
[Result "1-0"]
[WhiteElo "1521"]
[BlackElo "976"]
[TimeControl "720+3"]
[EndTime "6:05:20 PDT"]
[Termination "toninoiuorio ha vinto per abbandono"]

1. d4 d5 2. c4 c6 3. Nc3 Nf6 4. e3 e6 5. Bd3 Bb4 6. Nf3 Qa5 7.
Bd2 dxc4 8. Bxc4 b5 9. Bd3 O-O 10. O-O Nd5 11. Qc2 h6 12. a3 Bxc3 13. bxc3 Bb7 14.
c4 bxc4 15. Bxa5 1-0

[Event "Rapid della Domenica"]
[Site "Chess.com"]
[Date "2020.05.03"]
[Round "1"]
[White "crippo"]
[Black "laremaro"]
[Result "1/2-1/2"]
[WhiteElo "1468"]
[BlackElo "1643"]
[TimeControl "720+3"]
[EndTime "6:09:03 PDT"]
[Termination "Patta d'accordo"]

1. e4 d5 2. exd5 Qxd5 3. Nc3 Qd6 4. Nf3 Bg4 5. d3 Nf6 6. Be2 c6 7. O-O e6 8. Ng5 Bxe2 9. Qxe2 Be7 10.
Nge4 Qc7 11. b3 Nbd7 12. Bb2 O-O 13. f4 Rfe8 14. Nxf6+ Nxf6 15. Ne4 Nxe4 16. dxe4 Rad8 17. Qg4 Bf8 18. Rad1 Rxd1 19. Rxd1 Rd8 20. Rxd8 Qxd8 21. Qe2 Qd6 22. Be5 Qc5+ 23. Qf2 Qxf2+ 24. Kxf2 f6 25. Bd4 a6 26. c4 Kf7 27. g4 g6 28. h4 f5 29. gxf5 gxf5 30. exf5 exf5 31. Kf3 Kg6 32. Kg3 Be7 33. Bf2 Kh5 34. Kh3 Bd6 35. Bg3 Bc5 36. Be1 Be3 37. Bg3 1/2-1/2

[Event "Rapid della Domenica"]
[Site "Chess.com"]
[Date "2020.05.03"]
[Round "1"]
[White "ferrariand"]
[Black "SanSecondoPR"]
[Result "0-1"]
[WhiteElo "1514"]
[BlackElo "1322"]
[TimeControl "720+3"]
[EndTime "6:09:20 PDT"]
[Termination "SanSecondoPR ha vinto per scaccomatto"]

1. e4 e5 2. Nf3 Nc6 3. Bb5 Nge7 4. O-O d6 5. c3 Bg4 6. h3 Bh5 7. d3 a6 8. Ba4 b5 9. Bc2 f6 10. g4 Bf7 11. d4 Ng6 12. Be3 Be7 13. Nbd2 O-O 14. Re1 Qb8 15. Nf1 Qb7 16. Ng3 Rae8 17. Nf5 Bd8 18. Qd2 Nce7 19. b3 Nxf5 20. exf5 Nh8 21.
Qe2 Bd5 22. Nd2 exd4 23. cxd4 Bh1 24. Kh2 Qg2# 0-1

[Event "Rapid della Domenica"]
[Site "Chess.com"]
[Date "2020.05.03"]
[Round "1"]
[White "Simo2005"]
[Black "sergiodone"]
[Result "1-0"]
[WhiteElo "1605"]
[BlackElo "1503"]
[TimeControl "720+3"]
[EndTime "6:09:58 PDT"]
[Termination "Simo2005 ha vinto per abbandono"]

1. e4 c5 2. c3 d6 3. d4 cxd4 4.
cxd4 e6 5. Be3 a6 6. Nf3 Be7 7. Nc3 Bd7 8. Bc4 b5 9. Bb3 Nc6 10. O-O Nf6 11. Bc2 Qc7 12. Rc1 Rc8 13. Qd2 h5 14.
Rfe1 Qb7 15. d5 Nb4 16. dxe6 fxe6 17. Bb1 Bc6 18. a3 Bxe4 19. Bxe4 Nxe4 20. Nxe4 Rxc1 21. Rxc1 Qxe4 22. Qxb4 O-O 23. Qxe4 1-0

[Event "Rapid della Domenica"]
[Site "Chess.com"]
[Date "2020.05.03"]
[Round "1"]
[White "sirmale49"]
[Black "donaldnecesito"]
[Result "0-1"]
[WhiteElo "1411"]
[BlackElo "1649"]
[TimeControl "720+3"]
[EndTime "6:11:48 PDT"]
[Termination "donaldnecesito ha vinto per scaccomatto"]

1. e4 c5 2. f4 d6 3. Nf3 Nc6 4. Nc3 g6 5. Bb5 Bg7 6. O-O Bd7 7. d3 Nf6 8. h3 O-O 9. Nd5 a6 10. Bxc6 bxc6 11. Nxf6+ Bxf6 12. e5 Bg7 13. Re1 Rb8 14. Rb1 Qa5 15. Bd2 Qxa2 16. Bc3 Qa4 17. Qd2 d5 18. b3 Qb5 19. d4 Bf5 20. dxc5 Qxc5+ 21. Nd4 Be4 22. Kh2 Bh6 23. g3 Qb6 24. Ne2 Qf2# 0-1

[Event "Rapid della Domenica"]
[Site "Chess.com"]
[Date "2020.05.03"]
[Round "1"]
[White "pedrak"]
[Black "MarcoCiva"]
[Result "1-0"]
[WhiteElo "1665"]
[BlackElo "1412"]
[TimeControl "720+3"]
[EndTime "6:11:51 PDT"]
[Termination "pedrak ha vinto per abbandono"]

1. Nf3 Nf6 2. g3 d6 3. Bg2 e5 4. d3 Be6 5. O-O Be7 6. e4 O-O 7. h3 Qd7 8. Kh2 Nc6 9. c3 h6 10. Ne1 Rad8 11. f4 exf4 12. gxf4 Qc8 13. Be3 d5 14. e5 Nd7 15. Rg1 Bc5 16. d4 Bb6 17. Qf3 f6 18. Qg3 Rf7 19. Nf3 Nf8 20. Nh4 Ne7 21.
Nd2 Nf5 22. Nxf5 Bxf5 23. Nf3 Ng6 24. Nh4 Nxh4 25. Qxh4 Qe6 26. Bf3 fxe5 27. fxe5 Re8 28. Bh5 g6 29. Bxh6 Rh7 30. Be3 c6 31. Qg5 Bd8 32.
Bxg6 Rxh3+ 33. Kg2 Bxg5 34. Bxf5 Qxf5 35. Bxg5 Rh5 36.
Bf6 Qxf6 37. exf6 Re2+ 38. Kf3+ 1-0

[Event "Rapid della Domenica"]
[Site "Chess.com"]
[Date "2020.05.03"]
[Round "1"]
[White "fisherpez"]
[Black "giulioscaglione"]
[Result "1-0"]
[WhiteElo "1593"]
[BlackElo "1370"]
[TimeControl "720+3"]
[EndTime "6:12:41 PDT"]
[Termination "fisherpez ha vinto per abbandono"]

1. e3 e6 2. b3 b6 3. Bb2 Bb7 4. Nf3 Ne7 5. d3 d6 6. Be2 Nd7 7. Nbd2 Ng6 8. O-O e5 9. e4 Be7 10. h3 O-O 11. a4 f5 12. Nh2 fxe4 13. Nxe4 Bxe4 14. dxe4 Nf4 15. Bf3 Ng6 16. Bc1 Bg5 17. Qd5+ Kh8 18. Bg4 Bxc1 19. Raxc1 Nf6 20. Qd1 Nxg4 21.
Qxg4 Qh4 22. Qxh4 Nxh4 23. c4 Rf6 24. Rc3 Rg6 25. g3 Rg5 26. Nf3 Nxf3+ 27. Rxf3 Kg8 28. b4 Rf8 29. Kg2 Rg6 30. Rxf8+ Kxf8 31. Kf3 Rf6+ 32. Ke3 Ke7 33. f3 c6 34. h4 a6 35. g4 g6 36. Rd1 h6 37. b5 axb5 38. axb5 Kd7 39. Ra1 cxb5 40. cxb5 Kc8 41. Ra7 Kb8 42. Re7 h5 43. gxh5 gxh5 44. Rh7 Kc8 45. Rxh5 Kd7 46. Rh8 Ke6 47. h5 d5 48. exd5+ Kxd5 49. h6 Kc5 50. h7 Rh6 51. Rc8+ Kxb5 52. h8=Q Rxh8 53. Rxh8 Kc4 54.
Rh4+ Kd5 55. Rb4 Kc5 56. Rb1 b5 57. Ke4 b4 58. Kxe5 Kc4 59. f4 b3 60. f5 Kc3 61. f6 Kc2 62. Rxb3 Kxb3 63. f7 1-0

[Event "Rapid della Domenica"]
[Site "Chess.com"]
[Date "2020.05.03"]
[Round "1"]
[White "riccardocanossa"]
[Black "markk000"]
[Result "1-0"]
[WhiteElo "1460"]
[BlackElo "1528"]
[TimeControl "720+3"]
[EndTime "6:22:11 PDT"]
[Termination "riccardocanossa ha vinto per scaccomatto"]

1. d4 Nf6 2. c4 g6 3. Nc3 Bg7 4. e4 O-O 5. e5 Nh5 6. Nf3 Nf4 7. Bxf4 d6 8. Be2 Bf5 9. O-O Nc6 10. a3 a5 11. Rc1 f6 12. exd6 cxd6 13. d5 Ne5 14. Nxe5 fxe5 15. Bg5 Rc8 16. b3 h6 17. Be3 e6 18. Bd3 exd5 19. Bxf5 gxf5 20. Qxd5+ Kh8 21. Qxb7 f4 22. Bb6 Qg5 23. Qf3 Rb8 24. Bxa5 Rxb3 25. Bb4 Re8 26. Rfe1 Re6 27. Qa8+ Kh7 28.
Qe4+ Kh8 29. Qf3 Rg6 30. g3 h5 31. Rb1 Rxb1 32. Rxb1 h4 33. Rd1 fxg3 34. fxg3 hxg3 35. hxg3 Rf6 36. Qa8+ Kh7 37. Qe4+ Kh8 38. Kg2 Bf8 39.
Rh1+ Rh6 40. Rxh6+ Qxh6 41. Qh4 Kh7 42. Qxh6+ Kxh6 43.
Kf3 Kg5 44. Ne4+ Kf5 45. Nxd6+ Bxd6 46. Bxd6 Ke6 47. Bxe5 Kxe5 48. a4 Kd6 49. a5 Kc7 50. Kf4 Kb7 51. Kf5 Ka6 52. Kf6 Kxa5 53. g4 Kb4 54. g5 Kxc4 55. g6 Kd5 56. g7 Kd4 57. g8=Q Ke4 58. Qg5 Kd4 59. Qf5 Kc3 60. Qe4 Kd2 61.
Qf3 Ke1 62. Qg2 Kd1 63. Qf2 Kc1 64. Qe2 Kb1 65. Qd2 Ka1 66. Ke5 Kb1 67. Kd4 Ka1 68.
Kc3 Kb1 69. Qb2# 1-0

[Event "Rapid della Domenica"]
[Site "Chess.com"]
[Date "2020.05.03"]
[Round "2"]
[White "markk000"]
[Black "crippo"]
[Result "0-1"]
[WhiteElo "1513"]
[BlackElo "1490"]
[TimeControl "720+3"]
[EndTime "6:24:26 PDT"]
[Termination "crippo ha vinto per abbandono"]

1. d4 d5 2. c4 c6 3. Nc3 Nf6 4. Nf3 e6 5. Bg5 Be7 6. e3 Ne4 7. Bxe7 Qxe7 8. Bd3 f5 9. cxd5 cxd5 10. Qa4+ Nc6 11.
Ne5 Bd7 12. Bb5 Nxe5 13. Bxd7+ Nxd7 14. Nxe4 fxe4 15. O-O O-O 16. Rac1 Nb6 17. Qb3 Rac8 18.
Rxc8 Rxc8 19. a4 Nc4 20. h4 Nd2 0-1

[Event "Rapid della Domenica"]
[Site "Chess.com"]
[Date "2020.05.03"]
[Round "2"]
[White "FrancescoZasa"]
[Black "fisherpez"]
[Result "0-1"]
[WhiteElo "586"]
[BlackElo "1594"]
[TimeControl "720+3"]
[EndTime "6:28:59 PDT"]
[Termination "fisherpez ha vinto per scaccomatto"]

1. d4 e6 2. Nf3 b6 3. Nc3 Bb4 4. e4 Bb7 5. a3 Bxc3+ 6. bxc3 Bxe4 7. Bd3 Bb7 8. h3 h6 9. g4 Qf6 10. Ne5 Bxh1 11. Kf1 Bb7 12. Qe2 Nc6 13. Rb1 Nxe5 14. dxe5 Qf3 15. Qxf3 Bxf3 16. Rb3 Ne7 17. Bb5 c6 18. Ba6 Nd5 19. Bb7 Rb8 20. Ba6 Nc7 21. Be2 Bxe2+ 22. Kxe2 O-O 23. Rb4 Nd5 24. Re4 Nxc3+ 25. Kd3 Nxe4 26. Kxe4 b5 27. Kd4 a5 28. f4 b4 29. axb4 axb4 30. f5 exf5 31. gxf5 b3 32.
cxb3 Rxb3 33. Kc4 Rxh3 34. e6 fxe6 35. fxe6 dxe6 36. Kc5 Rc3+ 37. Kd6 Rxc1 38. Kxe6 Re1+ 39. Kd6 c5 40. Kxc5 Rd8 41. Kc6 Rc1+ 42. Kb7 Rd2 43. Kb6 Rb2+ 44. Ka5 Ra1# 0-1

[Event "Rapid della Domenica"]
[Site "Chess.com"]
[Date "2020.05.03"]
[Round "2"]
[White "donaldnecesito"]
[Black "riccardocanossa"]
[Result "1-0"]
[WhiteElo "1660"]
[BlackElo "1420"]
[TimeControl "720+3"]
[EndTime "6:34:19 PDT"]
[Termination "donaldnecesito ha vinto per abbandono"]

1. d4 Nf6 2. c4 g6 3. Nf3 Bg7 4.
g3 O-O 5. Bg2 d6 6. Nc3 Nbd7 7.
O-O e5 8. e4 exd4 9. Nxd4 Ne5 10.
b3 Re8 11. Bb2 Bd7 12. Qd2 Nc6 13. Nxc6 Bxc6 14. Rfe1 Qd7 15. Nd5 Bxd5 16. cxd5 Re7 17. Rac1 Rae8 18. f3 Nh5 19. Bxg7 Nxg7 20. Rc3 f5 21.
Rec1 Qd8 22. Qc2 fxe4 23. fxe4 Nh5 24. Rxc7 Rxc7 25. Qxc7 Qxc7 26. Rxc7 Rb8 27. Rd7 Nf6 28. Rxd6 Rf8 29. e5 Ne8 30. Rd7 Rf5 31. e6 1-0

[Event "Rapid della Domenica"]
[Site "Chess.com"]
[Date "2020.05.03"]
[Round "2"]
[White "MarcoCiva"]
[Black "moha1812med"]
[Result "1-0"]
[WhiteElo "1418"]
[BlackElo "1022"]
[TimeControl "720+3"]
[EndTime "6:34:55 PDT"]
[Termination "MarcoCiva ha vinto per abbandono"]

1. d4 Nf6 2. Nf3 e6 3. Bg5 h6 4. Bh4 Be7 5. e3 O-O 6. Bd3 Nc6 7. O-O b6 8. Nc3 Bb7 9. a3 d5 10. Bg3 Bd6 11. Bxd6 Qxd6 12. Qd2 Rad8 13. Rfe1 Rfe8 14. Rad1 Na5 15. Nb5 Qc6 16. Ne5 Ne4 17. Qe2 Qd6 18.
Nxd6 Rxd6 19. Bxe4 dxe4 20. Qh5 Re7 21. h3 Rd5 22.
Qh4 Kf8 23. Qxe4 1-0

[Event "Rapid della Domenica"]
[Site "Chess.com"]
[Date "2020.05.03"]
[Round "2"]
[White "toninoiuorio"]
[Black "pedrak"]
[Result "0-1"]
[WhiteElo "1489"]
[BlackElo "1675"]
[TimeControl "720+3"]
[EndTime "6:35:41 PDT"]
[Termination "pedrak ha vinto per abbandono"]

1. d4 Nf6 2. c4 g6 3. Nc3 Bg7 4. e4 d6 5. f3 O-O 6. Be3 Re8 7. Qd2 e5 8. d5 Nbd7 9. O-O-O b6 10. Bd3 Nc5 11. Bc2 a5 12. Nge2 Ba6 13. b3 Ncd7 14.
Bg5 a4 15. Kb2 axb3 16. axb3 Nc5 17. Ra1 Qd7 18. Ra3 Bb7 19. Rha1 Rxa3 20. Rxa3 Ra8 21. Rxa8+ Bxa8 22. b4 Nb7 23. Kb3 Nd8 24. Bd3 c6 25.
Qa2 Qb7 26. dxc6 Nxc6 27. Nd5 Nxd5 28. cxd5 Nd4+ 29. Nxd4 exd4 30. Qa4 h6 31. Bf4 Qc8 32. Bc4 Bf8 33. g4 Bb7 34. Qb5 Qc7 35. Bg3 Bc8 36.
Bf2 Bg7 37. h3 Bd7 38. Qa6 b5 39. Bxb5 Bxb5 40. Qxb5 Qc3+ 41. Ka4 Qc2+ 42. Ka5 Qxf2 43. Qb8+ Kh7 44. Qxd6 d3 45. b5 d2 46. b6 d1=Q 47. Ka6 Qa1+ 48. Kb7 Qa5 49. Qc7 Qxf3 50. Qxf7 Qxf7+ 0-1

[Event "Rapid della Domenica"]
[Site "Chess.com"]
[Date "2020.05.03"]
[Round "2"]
[White "SanSecondoPR"]
[Black "Simo2005"]
[Result "0-1"]
[WhiteElo "1315"]
[BlackElo "1663"]
[TimeControl "720+3"]
[EndTime "6:36:57 PDT"]
[Termination "Simo2005 ha vinto per abbandono"]

1. e4 d6 2. d4 Nf6 3. Nc3 g6 4. Bg5 Bg7 5. Qd2 c6 6. Bh6 O-O 7. Bxg7 Kxg7 8. O-O-O Nbd7 9. f4 b5 10. Kb1 b4 11. Na4 Nxe4 12. Qe3 Nef6 13. Qb3 Nd5 14. f5 Rb8 15. h4 N7f6 16. Bd3 Bxf5 17. h5 Bxd3 18. Rxd3 Nxh5 19. Rdh3 Nhf6 20. Nf3 Qa5 21.
Nd2 Nc3+ 22. Ka1 Qxa4 23. Ne4 Qxb3 24. cxb3 Ncxe4 25. g4 Rb5 0-1

[Event "Rapid della Domenica"]
[Site "Chess.com"]
[Date "2020.05.03"]
[Round "2"]
[White "laremaro"]
[Black "BAKR1980"]
[Result "0-1"]
[WhiteElo "1607"]
[BlackElo "1619"]
[TimeControl "720+3"]
[EndTime "6:37:44 PDT"]
[Termination "BAKR1980 ha vinto per abbandono"]

1. e4 e5 2. Nf3 Nc6 3. Bb5 Nf6 4. d3 a6 5. Ba4 Bc5 6. O-O b5 7. Bb3 d6 8. c3 O-O 9. Re1 h6 10. a4 Bb7 11. axb5 axb5 12. Rxa8 Bxa8 13. d4 Bb6 14. Na3 b4 15. Nc4 bxc3 16. bxc3 Na5 17. Nxb6 Nxb3 18.
Nxa8 Nxc1 19. Nxc7 Qxc7 20. Qxc1 Rc8 21. dxe5 dxe5 22. h3 Qxc3 23. Qxc3 Rxc3 24. Nxe5 Rc5 25. Nf3 Rc4 26. Nd2 Rd4 27. Re2 Ra4 28. e5 Ra1+ 29. Kh2 Nd5 30. g3 Ra2 31. f4 Nc3 32. Rg2 Kf8 33. Nc4 Ra4 34. Nd6 Ke7 35. Rc2 Nd5 36.
Nf5+ Kd7 37. Nxg7 Ne3 38. Rd2+ Ke7 39. Nh5 Nf1+ 0-1

[Event "Rapid della Domenica"]
[Site "Chess.com"]
[Date "2020.05.03"]
[Round "2"]
[White "giulioscaglione"]
[Black "ferrariand"]
[Result "1-0"]
[WhiteElo "1402"]
[BlackElo "1500"]
[TimeControl "720+3"]
[EndTime "6:44:00 PDT"]
[Termination "giulioscaglione ha vinto per abbandono"]

1. b3 e5 2. Bb2 Nc6 3. e3 Nf6 4. Bb5 d6 5. Ne2 Bd7 6. d3 a6 7. Bxc6 Bxc6 8. O-O Be7 9. Nd2 O-O 10. Ng3 Qd7 11. e4 Rfe8 12. Bc1 d5 13. f3 Bc5+ 14. Kh1 Bd4 15. Rb1 Rad8 16. Bb2 Bxb2 17.
Rxb2 dxe4 18. Ndxe4 Bxe4 19. Nxe4 Nxe4 20. fxe4 Qd4 21.
Rb1 Re6 22. Qf3 Rf8 23. Qf2 Qc3 24. Qe1 Qxc2 25. Rc1 Qxd3 26. Rxc7 Qb5 27. Qd1 Rd6 28. Qe1 Rg6 29. Rc2 f6 30. Rcf2 Rd8 31. Qc1 Rg4 32. Qe3 Qd3 33. Qxd3 Rxd3 34. Re2 Rd4 35. Rfe1 Rf4 36. g3 Rf3 37. Kg2 Rfd3 38. Kf2 Rd2 39. Rxd2 Rxd2+ 40. Re2 Rxe2+ 41. Kxe2 Kf7 42. Kd3 Ke6 43. Kc4 Kd6 44. b4 b6 45. a4 Kc6 46.
g4 g6 47. h4 h6 48. Kd3 g5 49. h5 b5 50. a5 Kd6 51. Ke3 Ke6 52. Kd3 f5 53. exf5+ Kf6 54. Ke4 Kf7 55. Kxe5 Ke7 56. f6+ Kf7 57. Kf5 1-0

[Event "Rapid della Domenica"]
[Site "Chess.com"]
[Date "2020.05.03"]
[Round "2"]
[White "fausto2p"]
[Black "sirmale49"]
[Result "0-1"]
[WhiteElo "972"]
[BlackElo "1412"]
[TimeControl "720+3"]
[EndTime "6:46:11 PDT"]
[Termination "sirmale49 ha vinto per tempo"]

1. d4 d5 2. c4 e5 3. dxe5 d4 4. Nf3 c5 5. a3 Be6 6. b3 Nc6 7.
Nbd2 Be7 8. g3 Nh6 9. Bg2 O-O 10.
O-O f6 11. Bb2 fxe5 12. Ne4 Bf5 13. Nfd2 Qd7 14. e3 Bh3 15. exd4 cxd4 16. b4 Bxg2 17. Kxg2 Nf5 18. Nf3 Rad8 19. b5 Na5 20. Nxe5 Qe6 21. Re1 Qxe5 22. Ng5 Ne3+ 23. fxe3 Qxg5 24. exd4 Nxc4 25.
Bc1 Qd5+ 26. Kh3 Bd6 27. Qb3 Qf5+ 28. Kg2 Qf2+ 29. Kh3 Qxe1 30. Qxc4+ Kh8 31. Bb2 Qe7 32. Bc3 Rf6 33. Re1 Rh6+ 34. Kg2 Qd7 35. d5 Qh3+ 36. Kf3 Rf8+ 0-1

[Event "Rapid della Domenica"]
[Site "Chess.com"]
[Date "2020.05.03"]
[Round "2"]
[White "sergiodone"]
[Black "OMatteoWuO"]
[Result "0-1"]
[WhiteElo "1489"]
[BlackElo "1174"]
[TimeControl "720+3"]
[EndTime "6:51:56 PDT"]
[Termination "OMatteoWuO ha vinto per tempo"]

1. e4 c5 2. Nf3 Nc6 3. c3 Nf6 4.
Qc2 d6 5. h3 e6 6. d4 cxd4 7. cxd4 Bd7 8. Nc3 a6 9. a3 Be7 10. Bd3 Rc8 11. Qe2 O-O 12. O-O b5 13. Re1 e5 14. d5 Nd4 15. Nxd4 exd4 16. Na2 Qb6 17. Bg5 h6 18. Bh4 Rfe8 19. Rac1 Rxc1 20. Nxc1 Nh7 21. Bxe7 Rxe7 22. Qf3 Nf6 23. Ne2 a5 24.
Ng3 b4 25. Nh5 Nxh5 26. Qxh5 bxa3 27. bxa3 Qb3 28. Rd1 g6 29. Qe2 Qxa3 30. f4 Qc5 31. Rb1 Kg7 32. Kh2 f5 33. e5 Qxd5 34. Qd2 dxe5 35.
Bc4 Qxc4 36. Qxa5 Qe6 37. Rb6 Bc6 38. Qc5 Rc7 39. fxe5 d3 40. Qd4 d2 41. Qxd2 Qxe5+ 42. g3 Rd7 43. Qb2 Qxb2+ 44. Rxb2 Kf6 45. h4 Rd3 46.
Rc2 Be4 47. Rb2 g5 48. h5 g4 49. Rb6+ Kg7 50. Rg6+ Kh7 51. Rb6 Rd2+ 52. Kg1 Rg2+ 53. Kf1 Rxg3 54. Kf2 Rf3+ 55. Ke2 Rh3 56. Rd6 Rxh5 57.
Ke3 Rg5 58. Kf4 Rh5 59. Rd7+ Kg6 60. Rd6+ Kf7 61. Ra6 Rh3 62. Ke5 Rd3 63. Ra7+ Ke8 64. Ke6 Bd5+ 0-1

[Event "Rapid della Domenica"]
[Site "Chess.com"]
[Date "2020.05.03"]
[Round "3"]
[White "pedrak"]
[Black "donaldnecesito"]
[Result "1-0"]
[WhiteElo "1691"]
[BlackElo "1640"]
[TimeControl "720+3"]
[EndTime "6:59:06 PDT"]
[Termination "pedrak ha vinto per abbandono"]

1. Nf3 Nf6 2. g3 d5 3. Bg2 c6 4. O-O e6 5. d3 Be7 6. c3 O-O 7. Nbd2 Nbd7 8. e4 dxe4 9. dxe4 Qc7 10. Qc2 Ne5 11. Re1 b6 12. Nxe5 Qxe5 13. Nc4 Qc5 14. b3 Ba6 15. Ba3 Qxa3 16. Nxa3 Bxa3 17. b4 Bc4 18.
Rad1 a5 19. Rb1 Rfd8 20. Red1 c5 21. bxa5 bxa5 22. Rxd8+ Rxd8 23. Rd1 Rxd1+ 24. Qxd1 Bb5 25. Qb3 Bb4 26. cxb4 axb4 27. a3 1-0

[Event "Rapid della Domenica"]
[Site "Chess.com"]
[Date "2020.05.03"]
[Round "3"]
[White "ferrariand"]
[Black "laremaro"]
[Result "1-0"]
[WhiteElo "1513"]
[BlackElo "1568"]
[TimeControl "720+3"]
[EndTime "6:59:40 PDT"]
[Termination "ferrariand ha vinto per abbandono"]

1. e4 d5 2. exd5 Qxd5 3. Nc3 Qd6 4. d4 Nf6 5. Nf3 Bg4 6. Be2 c6 7. O-O e6 8. h3 Bh5 9. Be3 Nbd7 10. g4 Bg6 11.
Re1 Be7 12. Bd3 Nd5 13. Nxd5 cxd5 14. Qd2 Qc7 15. Bf4 Bd6 16. Bxd6 Qxd6 17. Bb5 O-O 18. Bxd7 Qxd7 19. Ne5 f6 20. Nxd7 1-0

[Event "Rapid della Domenica"]
[Site "Chess.com"]
[Date "2020.05.03"]
[Round "3"]
[White "sirmale49"]
[Black "FrancescoZasa"]
[Result "1-0"]
[WhiteElo "1412"]
[BlackElo "585"]
[TimeControl "720+3"]
[EndTime "7:03:14 PDT"]
[Termination "sirmale49 ha vinto per scaccomatto"]

1. e4 d5 2. e5 d4 3. Nf3 d3 4. Bxd3 f6 5. exf6 gxf6 6. O-O e5 7. Be4 Nh6 8. c3 Ng4 9. Qa4+ c6 10. Re1 Qd7 11.
d4 f5 12. Bd3 e4 13. Ng5 Be7 14. Be2 h6 15. Bxg4 fxg4 16. Nxe4 c5 17. Qxd7+ Nxd7 18. Nd6+ Kd8 19. Nf7+ Kc7 20. Nxh8 Bg5 21. Bxg5 hxg5 22. dxc5 b6 23. cxb6+ axb6 24. Nd2 Ba6 25. Ne4 Rxh8 26. Nxg5 Rg8 27. Ne6+ Kb7 28. Rad1 Nf6 29. Nf4 Bb5 30. Re7+ Ka6 31. b3 Be2 32. Nxe2 b5 33. Re6+ Ka5 34. b4+ Ka4 35. Ra6# 1-0

[Event "Rapid della Domenica"]
[Site "Chess.com"]
[Date "2020.05.03"]
[Round "3"]
[White "OMatteoWuO"]
[Black "MarcoCiva"]
[Result "1/2-1/2"]
[WhiteElo "1185"]
[BlackElo "1403"]
[TimeControl "720+3"]
[EndTime "7:04:20 PDT"]
[Termination "Patta d'accordo"]

1. d4 f5 2. c4 Nf6 3. Nc3 e6 4. Bg5 Be7 5. e3 O-O 6. Bd3 b6 7. Nf3 Bb7 8. Qe2 Nc6 9. a3 Na5 10. Bxf6 Bxf6 11. O-O c5 12. Ne5 Nb3 13. Nb5 d6 14. Rad1 dxe5 15. dxe5 Bxe5 16. Bc2 Qh4 17. f4 Nc1 18. Rxc1 Bxb2 19. Rcd1 Qf6 20. Nd6 Bc6 21. e4 Bd4+ 22. Kh1 Rad8 23. e5 Qg6 24. Nb5 Bxb5 25.
cxb5 Rf7 26. Bb3 Re7 27. Rf3 1/2-1/2

[Event "Rapid della Domenica"]
[Site "Chess.com"]
[Date "2020.05.03"]
[Round "3"]
[White "giulioscaglione"]
[Black "toninoiuorio"]
[Result "1/2-1/2"]
[WhiteElo "1407"]
[BlackElo "1478"]
[TimeControl "720+3"]
[EndTime "7:05:18 PDT"]
[Termination "Partita patta per ripetizione di mosse"]

1. b3 Nf6 2. Bb2 e6 3. e3 d5 4.
Ne2 Bd6 5. Ng3 O-O 6. Be2 c5 7. d3 Nbd7 8. Nd2 b5 9. Bf3 Qb6 10. O-O Bb7 11. Re1 Rfd8 12. e4 dxe4 13. Ndxe4 Nxe4 14. Bxe4 Bxg3 15. Bxb7 Bxf2+ 16. Kxf2 Qxb7 17. Qg4 g6 18. Qh4 Qd5 19. Qh6 Qf5+ 20. Kg1 e5 21. Rf1 Qe6 22. Rae1 f6 23. Qe3 Re8 24. c4 bxc4 25.
dxc4 a5 26. a4 Rab8 27. Rd1 Rb6 28. Qd3 Re7 29. Rf2 Kf7 30. Rfd2 Nf8 31. Qd5 Qxd5 32. cxd5 Rd7 33. Ba3 Rxb3 34. Bxc5 f5 35. Rc2 g5 36. Bxf8 Kxf8 37. Rc8+ Kf7 38. d6 Rb4 39. Rc7 Ke6 40. Rxd7 Kxd7 41. Rd5 Rxa4 42. Rxe5 Kxd6 43. Rxf5 h6 44. Rf6+ Ke5 45. Rxh6 Rf4 46. Ra6 a4 47. g3 Rb4 48. Ra5+ Kf6 49. h3 Kg6 50. g4 Rb1+ 51. Kg2 Rb2+ 52. Kg1 Rb1+ 53. Kg2 Rb2+ 54. Kg1 Rb1+ 1/2-1/2

[Event "Rapid della Domenica"]
[Site "Chess.com"]
[Date "2020.05.03"]
[Round "3"]
[White "moha1812med"]
[Black "sergiodone"]
[Result "0-1"]
[WhiteElo "1016"]
[BlackElo "1490"]
[TimeControl "720+3"]
[EndTime "7:06:23 PDT"]
[Termination "sergiodone ha vinto per abbandono"]

1. d4 Nf6 2. c4 c5 3. Nf3 b6 4.
Bf4 d6 5. e3 Bb7 6. Bd3 g6 7.
O-O Bg7 8. Nc3 Nbd7 9. h3 O-O 10. Ng5 cxd4 11. exd4 e5 12. dxe5 Nxe5 13. Be4 Bxe4 14. Ngxe4 Nxe4 15. Nxe4 Nxc4 16. Bxd6 Nxd6 17. Nxd6 Qf6 18.
Rb1 Rfd8 19. Ne4 Qf5 20. Qe1 Re8 21. f3 Qb5 22. Qg3 Rad8 23. Nd6 Qc5+ 24. Kh2 Qxd6 25. Rbd1 Qxg3+ 26. Kxg3 Rxd1 27. Rxd1 Kf8 28. Rd7 a5 29. a4 Bxb2 30. Rb7 Bd4 31. Rd7 Bc5 32. Rc7 h5 0-1

[Event "Rapid della Domenica"]
[Site "Chess.com"]
[Date "2020.05.03"]
[Round "3"]
[White "BAKR1980"]
[Black "crippo"]
[Result "1-0"]
[WhiteElo "1635"]
[BlackElo "1478"]
[TimeControl "720+3"]
[EndTime "7:12:01 PDT"]
[Termination "BAKR1980 ha vinto per scaccomatto"]

1. e4 e5 2. Nf3 Nc6 3. Bc4 Be7 4. O-O d6 5. c3 Nf6 6. Re1 O-O 7. h3 h6 8. d4 exd4 9. cxd4 Nh7 10. Nc3 Ng5 11.
Be3 Bf6 12. Nxg5 Bxg5 13. Nd5 Be6 14. b3 Na5 15. Bxg5 hxg5 16. Qd2 c6 17. Ne3 Nxc4 18. bxc4 Qf6 19. d5 cxd5 20. cxd5 Bd7 21. Qb4 b6 22. Nc4 Bxh3 23. gxh3 Rfd8 24. Rad1 Qf3 25. Qb3 Qh5 26.
Rd3 Rac8 27. Qb4 Qg6 28. Rg3 Rc5 29. e5 Rxd5 30. Nxd6 Rd3 31. Qc4 Rxg3+ 32. fxg3 Qh5 33. Kg2 g4 34. Qxg4 Qh7 35. Qe4 Qh6 36. Rf1 Rd7 37.
Qd5 Qg6 38. Rf2 Kf8 39. Qa8+ Ke7 40. Qe8# 1-0

[Event "Rapid della Domenica"]
[Site "Chess.com"]
[Date "2020.05.03"]
[Round "3"]
[White "riccardocanossa"]
[Black "SanSecondoPR"]
[Result "1-0"]
[WhiteElo "1466"]
[BlackElo "1302"]
[TimeControl "720+3"]
[EndTime "7:12:35 PDT"]
[Termination "riccardocanossa ha vinto per abbandono"]

1. d4 d5 2. c4 e5 3. dxe5 d4 4. Nf3 Nc6 5. g3 Bg4 6. Bg2 Nge7 7. O-O Ng6 8. Bg5 Be7 9. Bxe7 Ngxe7 10. h3 Bxf3 11. Bxf3 h5 12. Nd2 g5 13. Bg2 Qd7 14.
Ne4 O-O-O 15. a3 Nxe5 16. Nc5 Qf5 17. Bxb7+ Kb8 18. Bg2 Nxc4 19. Na6+ Kc8 20. Rc1 Qb5 21. Nb4 Rd7 22. Qc2 Nb6 23. Nc6 Nxc6 24. Bxc6 Qe5 25. Bxd7+ Nxd7 26. Rfd1 Re8 27. Rxd4 g4 28. hxg4 hxg4 29.
Rxg4 Rh8 30. Rc4 Kd8 31. Rxc7 Qd5 32. Rc8+ 1-0

[Event "Rapid della Domenica"]
[Site "Chess.com"]
[Date "2020.05.03"]
[Round "3"]
[White "Simo2005"]
[Black "fisherpez"]
[Result "1/2-1/2"]
[WhiteElo "1643"]
[BlackElo "1601"]
[TimeControl "720+3"]
[EndTime "7:14:37 PDT"]
[Termination "Partita patta per ripetizione di mosse"]

1. e4 e6 2. d4 b6 3. Bd3 Bb7 4. c3 Nf6 5. Qe2 d6 6. Nf3 Be7 7. O-O h6 8. Na3 Nh7 9. Nc2 Ng5 10. Be3 Nxf3+ 11. Qxf3 Bg5 12. Rad1 Bf6 13. Qg3 e5 14. f4 Qe7 15. dxe5 dxe5 16. Qf2 Nd7 17. b4 O-O-O 18. Qe2 exf4 19. Bxf4 Ne5 20. Ba6 Rxd1 21. Rxd1 Rd8 22. Bxb7+ Kxb7 23. Rxd8 Qxd8 24. Bxe5 Bxe5 25. c4 Qh4 26. g3 Qg5 27. Kg2 h5 28. Qd3 Qe7 29. Qd5+ Kb8 30. c5 h4 31. cxb6 axb6 32. Nd4 Bxd4 33.
Qxd4 hxg3 34. hxg3 g6 35. Kf3 Qe6 36. a3 Qb3+ 37.
Qe3 Qe6 38. Qd3 Qf6+ 39. Ke3 Qg5+ 40. Kd4 Qf6+ 41. Kc4 Qe6+ 42. Qd5 Qe7 43. e5 g5 44. g4 Qe8 45. Qb5 Qe6+ 46. Qd5 Qxg4+ 47. Qd4 Qe6+ 48. Kc3 f6 49. exf6 Qc6+ 50. Kd3 Qf3+ 51. Kc4 Qc6+ 52. Kd3 Qe8 53. Kc4 Qf7+ 54. Kc3 g4 55. Qxg4 Qxf6+ 56. Qd4 Qf3+ 57. Qd3 Qc6+ 58. Qc4 Qf3+ 59. Qd3 Qf6+ 60.
Qd4 Qc6+ 61. Qc4 Qf6+ 62. Qd4 1/2-1/2